 Dungeon Crawl Stone Soup version 0.24-a0-613-g1ff6aac338 (webtiles) character file.

Game seed: 7798298014661066404, levelgen mode: deterministic

4564 Gynju the Basher (level 10, -1/59 HPs)
             Began as a Gargoyle Fighter on Sept 12, 2019.
             Was a Priest of Okawaru.
             Slain by a bullfrog (6 damage)
             ... on level 8 of the Dungeon.
             The game lasted 00:11:05 (8942 turns).

Gynju the Basher (Gargoyle Fighter)                 Turns: 8942, Time: 00:11:06

Health: -1/59      AC: 14    Str: 30    XL:     10   Next: 40%
Magic:  10/10      EV: 10    Int:  8    God:    Okawaru [***...]
Gold:   473        SH: 14    Dex: 12    Spells: 9/9 levels left

rFire    . . .     SeeInvis .   a - +2 whip (elec)
rCold    + . .     Gourm    .   r - +3 shield
rNeg     + . .     Faith    .   h - +0 ring mail of Poor Excuses {rC+ Str+6 Dex+3} (curse)
rPois    ∞         Spirit   .   (no helmet)
rElec    +         Reflect  .   k - scarf {cloud immunity}
rCorr    .         Harm     .   y - +0 pair of gloves
MR       .....                  (no boots)
Stlth    +.........             n - amulet of magic regeneration
HPRegen  0.19/turn              (no ring)
MPRegen  0.37/turn              (no ring)

@: no status effects
A: negative energy resistance 1, electricity resistance, unbreathing,
petrification resistance, rot immunity, AC +7
a: Heroism, Renounce Religion


You were on level 8 of the Dungeon.
You worshipped Okawaru.
Okawaru was most pleased with you.
You were not hungry.

You visited 2 branches of the dungeon, and saw 9 of its levels.
You also visited: Ossuary.

You collected 473 gold pieces.

Inventory:

Hand Weapons
 a - a +2 whip of electrocution (weapon)
 j - a +0 flail of holy wrath
Armour
 h - the cursed +0 ring mail of Poor Excuses (worn) {rC+ Str+6 Dex+3}
   (You found it on level 5 of the Dungeon)

   It affects your strength (+6).
   It affects your dexterity (+3).
   It protects you from cold.
   It has a curse placed upon it.
 k - a scarf of cloud immunity (worn)
 r - a +3 shield (worn)
 y - a +0 pair of gloves (worn)
Jewellery
 n - an amulet of magic regeneration (around neck)
 E - a cursed amulet of inaccuracy {unknown}
Wands
 d - a wand of flame (20)
 m - a wand of polymorph (6)
 q - a wand of clouds (4)
Scrolls
 b - 2 scrolls of fear
 l - 14 scrolls of remove curse {@r2}
 p - 9 scrolls of teleportation
 s - 2 scrolls of identify {@r1}
 t - a scroll of acquirement {unknown}
 w - a scroll of summoning {unknown}
 C - 3 scrolls of magic mapping {unknown}
Potions
 c - 6 potions of flight
 e - 5 potions of curing {@q1}
 g - 2 potions of agility
 i - 2 potions of lignification
 o - 4 potions of invisibility {unknown}
 u - a potion of berserk rage
 v - a potion of haste
 x - 2 potions of might
 z - a potion of heal wounds {unknown}
 A - a potion of cancellation {unknown}
 B - a potion of brilliance {unknown}
Comestibles
 f - 10 rations
 D - 6 chunks of flesh


   Skills:
 + Level 5.4 Fighting
 - Level 12.0 Maces & Flails
 + Level 5.4 Armour
 + Level 3.0 Dodging
 + Level 6.8 Shields


You had 9 spell levels left.
You didn't know any spells.
Your spell library contained the following spells:

 Spells                   Type           Power        Failure   Level  Hunger
 Apportation              Tloc           #.....       86%         1    ##.....
 Summon Butterflies       Summ           #.......     86%         1    ##.....
 Lesser Beckoning         Tloc           #.........   99%         3    ####...
 Tukima's Dance           Hex            #.......     99%         3    ####...
 Alistair's Intoxication  Tmut/Pois      #.......     100%        5    ######.
 Invisibility             Hex            #.......     100%        6    #######


Dungeon Overview and Level Annotations

Branches:
Dungeon (8/15)             Temple (1/1) D:7         Ossuary (visited)
   Lair: D:8-11

Altars:
Ashenzari
Cheibriados
Dithmenos
Elyvilon
Fedhas
Gozag
Hepliaklqana
Kikubaaqudgha
Makhleb
Nemelex Xobeh
Okawaru
Qazlal
Ru
Sif Muna
Trog
Uskayaw
Vehumet
Wu Jian
Xom
Zin
Lugonu


Innate Abilities, Weirdness & Mutations

You are resistant to torment.
Your stone body is resilient. (AC +7)
You are immune to poison.
You resist negative energy. (rN+)
You are resistant to electric shocks. (rElec)
You can survive without breathing.
You are immune to petrification.
You are immune to rotting.


Message History

You whack the orc!
You kill the orc!
Okawaru accepts your kill. You block the bullfrog's attack. Something hits you.
* * * LOW HITPOINT WARNING * * *
You block the orc's attack.
The bullfrog hits you but does no damage.
You block the worker ant's attack. The bullfrog barely misses you.
Things that are here:
a +0 falchion; a +0 giant club The worker ant bites you.
* * * LOW HITPOINT WARNING * * *
The bullfrog barely misses you.
The worker ant bites you but does no damage.
You block the bullfrog's attack.
A magic dart appears from out of thin air!
The magic dart hits you.
* * * LOW HITPOINT WARNING * * *
The bullfrog hits you.
You die...

.....>....... ...
.....#.....# ...
........... . ...
###.........# .. ...
#..........###... #..
#...z...#....... ..
##)>)...#.#...## ...
#.zz##......... #..
#...oaF@<.....# .##..
###...###..##.. .....
#...#.#......# ##...
##.......#.... .......
#........##............
##..##...#...##.....##.
#...###.....#.....##..
#..........###...##.##
#..........).##.##....


You could see a bullfrog, a worker ant, 3 wights and an orc.

Vanquished Creatures
  Pikel (D:4)
  Joseph (D:7)
  A troll (D:6)
  A hippogriff (D:5)
  Sigmund (D:2)
  A hungry ghost (D:8)
  A sky beast (D:5)
  An orc warrior (D:7)
  3 ice beasts
  A necrophage (D:7)
  2 phantoms (D:7)
  3 ogres
  7 centaurs
  2 bullfrogs
  A water moccasin zombie (D:8)
  2 scorpions
  6 wights
  A vampire bat (D:5)
  A jelly (D:5)
  2 hounds (D:6)
  2 orc priests
  8 orc wizards
  2 centaur skeletons
  Terence (D:3)
  Ijyb (D:3)
  3 iguanas (D:6)
  2 worker ants
  A big kobold zombie (Ossuary)
  A hound skeleton (D:6)
  3 mummies (Ossuary)
  16 adders
  3 shadow imps
  An ooze (D:1)
  5 adder zombies
  5 worms
  2 adder skeletons
  2 dart slugs
  8 leopard geckos
  37 orcs
  2 ball pythons
  8 bats
  2 bat skeletons (D:5)
  2 bat zombies (D:5)
  4 giant cockroaches
  7 goblins
  6 hobgoblins
  2 jackals (D:7)
  3 quokkas
  3 frilled lizards
  3 goblin zombies (Ossuary)
  4 hobgoblin zombies (Ossuary)
  A jackal skeleton (D:5)
  5 kobolds
  2 kobold zombies (Ossuary)
  A leopard gecko skeleton (D:7)
  3 quokka zombies (Ossuary)
  3 rats (D:2)
  2 rat zombies (Ossuary)
205 creatures vanquished.

Vanquished Creatures (others)
  A worker ant (D:4)
  An orc (D:4)
  A ball python (D:4)
3 creatures vanquished.

Grand Total: 208 creatures vanquished

Notes
Turn   | Place    | Note
-------+----------+-------------------------------------------
     0 | D:1      | Gynju the Gargoyle Fighter began the quest for the Orb.
     0 | D:1      | Reached XP level 1. HP: 14/14 MP: 1/1
   112 | D:1      | Reached XP level 2. HP: 14/19 MP: 2/2
   986 | D:2      | Reached XP level 3. HP: 12/23 MP: 3/3
  1151 | D:2      | Noticed Sigmund
  1165 | D:2      | Killed Sigmund
  1165 | D:2      | Reached skill level 4 in Maces & Flails
  1165 | D:2      | Reached skill level 5 in Shields
  1165 | D:2      | Reached XP level 4. HP: 15/28 MP: 4/4
  1165 | D:2      | Reached XP level 5. HP: 17/32 MP: 5/5
  1432 | D:2      | Found an ornate altar of the Wu Jian Council.
  1673 | D:2      | Reached XP level 6. HP: 34/37 MP: 6/6
  1690 | D:2      | Found a sacrificial altar of Ru.
  2015 | D:3      | Noticed Ijyb
  2020 | D:3      | Reached skill level 5 in Maces & Flails
  2030 | D:3      | Killed Ijyb
  2484 | D:3      | Found a white marble altar of Elyvilon.
  2609 | D:3      | Noticed Terence
  2634 | D:3      | Killed Terence
  2649 | D:3      | Reached skill level 6 in Maces & Flails
  2933 | D:3      | Reached XP level 7. HP: 41/41 MP: 7/7
  3379 | D:4      | Found a sand-covered staircase.
  3383 | Ossuary  | Entered an ossuary
  3389 | Ossuary  | Reached skill level 7 in Maces & Flails
  3805 | D:4      | Found a shattered altar of Ashenzari.
  3805 | D:4      | Found a snail-covered altar of Cheibriados.
  3805 | D:4      | Found an iron altar of Okawaru.
  3805 | D:4      | Found a bloodstained altar of Trog.
  3805 | D:4      | Found an opulent altar of Gozag.
  3805 | D:4      | Found a sparkling altar of Nemelex Xobeh.
  3805 | D:4      | Found a blossoming altar of Fedhas.
  3805 | D:4      | Found a shadowy altar of Dithmenos.
  3816 | D:4      | Became a worshipper of Warmaster Okawaru
  3987 | D:4      | Noticed Pikel
  4018 | D:4      | Killed Pikel
  4018 | D:4      | Reached skill level 9 in Maces & Flails
  4018 | D:4      | Reached XP level 8. HP: 34/46 MP: 8/8
  4393 | D:4      | Found a shimmering blue altar of Sif Muna.
  4537 | D:5      | Entered Level 5 of the Dungeon
  4667 | D:5      | Got a shimmering ring mail
  4678 | D:5      | Identified the cursed +0 ring mail of Poor Excuses {rC+
                  | Str+6 Dex+3} (You found it on level 5 of the Dungeon)
  5047 | D:5      | Reached skill level 10 in Maces & Flails
  5271 | D:5      | Found an ancient bone altar of Kikubaaqudgha.
  5408 | D:5      | Noticed a hippogriff
  5418 | D:5      | Killed a hippogriff
  5418 | D:5      | Reached * piety under Okawaru
  5418 | D:5      | Reached XP level 9. HP: 48/51 MP: 9/9
  5718 | D:6      | Noticed a troll
  5727 | D:6      | Reached skill level 11 in Maces & Flails
  5756 | D:6      | Killed a troll
  6162 | D:6      | Reached ** piety under Okawaru
  6970 | D:6      | Found a stormy altar of Qazlal.
  6992 | D:6      | Reached skill level 12 in Maces & Flails
  7430 | D:7      | Found a staircase to the Ecumenical Temple.
  7615 | D:7      | Reached skill level 1 in Dodging
  7650 | D:7      | Noticed Joseph
  7692 | D:7      | Killed Joseph
  7693 | D:7      | Reached XP level 10. HP: 11/58 MP: 10/10
  7784 | Temple   | Entered the Ecumenical Temple
  8605 | D:8      | Reached skill level 5 in Fighting
  8605 | D:8      | Reached skill level 5 in Armour
  8632 | D:8      | Reached *** piety under Okawaru
  8942 | D:8      | Slain by a bullfrog

Levels and vault maps discovered:
D:1:      dpeg_arrival_radiant, layout_basic
D:2:      minmay_inner_zag, layout_loops_ring, overflow_temple_1_default,
          nicolae_ru_awakened_eye, uniq_sigmund
D:3:      layout_loops_ring, overflow_temple_1_default, uniq_ijyb, uniq_terence
D:4:      layout_loops_ring, grunt_temple_overflow_open,
          nicolae_ossuary_entry_false_entrances, lemuel_blue_sif_altar,
          uniq_pikel
D:5:      layout_basic, kennysheep_vampire_church, first_ration
D:6:      cheibrodos_fzero, layout_layer_cave, nicolae_qazlal_style_of_elements
D:7:      layout_gridville, minmay_temple_entry_hall, uniq_joseph
D:8:      layout_cave_pools, grunt_temple_overflow_holy_war
Temple:   corrupted_temple

Skill      XL: |  1  2  3  4  5  6  7  8  9 10 |
---------------+-------------------------------+-----
Maces & Flails | 4 6 9 10 12 | 12.0
Shields        | 5 6 |  6.8
Dodging        | 1 3 |  3.0
Fighting       | 4 5 |  5.4
Armour         | 4 5 |  5.4

Action                   |  1- 3 |  4- 6 |  7- 9 | 10-12 || total
-------------------------+-------+-------+-------+-------++-------
Melee: Flail             |    59 |   256 |   190 |       ||   505
       Whip              |       |       |   286 |   113 ||   399
Invok: Heroism           |       |       |     1 |       ||     1
  Use: Potion            |     1 |       |       |       ||     1
       Scroll            |       |       |    13 |       ||    13
  Eat: Chunk             |       |     4 |    15 |     4 ||    23
       Ration            |       |     1 |       |       ||     1
Armor: Scale mail        |    24 |    95 |    92 |       ||   211
       Ring mail         |       |       |    74 |    28 ||   102
Dodge: Dodged            |    16 |    55 |    84 |    19 ||   174
Block: Shield            |    21 |   110 |   253 |    70 ||   454
       Large shield      |       |    55 |       |       ||    55

Table legend:
 A = Non-vault XP
 B = Vault XP
 C = Vault XP percentage of total XP
 D = Non-vault monster count
 E = Vault monster count
 F = Vault count percentage of total count
                 A         B        C        D         E       F
            +---------+---------+-------+---------+---------+-------
      Total |    4279 |    2241 |  34.4 |     161 |      44 |  21.5
            +---------+---------+-------+---------+---------+-------
        D:1 |      29 |       0 |   0.0 |      12 |       0 |   0.0
        D:2 |      78 |     241 |  75.5 |      21 |       4 |  16.0
        D:3 |     210 |      74 |  26.1 |      28 |       2 |   6.7
        D:4 |     206 |     663 |  76.3 |      13 |       1 |   7.1
        D:5 |     768 |      63 |   7.6 |      22 |       5 |  18.5
        D:6 |     628 |     613 |  49.4 |      19 |      10 |  34.5
        D:7 |    1275 |     475 |  27.1 |      29 |       1 |   3.3
        D:8 |    1085 |       0 |   0.0 |      17 |       0 |   0.0
    Ossuary |       0 |     112 | 100.0 |       0 |      21 | 100.0
            +---------+---------+-------+---------+---------+-------
